 Dungeon Crawl Stone Soup version 0.27.1-33-g824d729ab1 (webtiles) character file.

Game seed: 3581818165459119314

309 alasdair19 the Covered (level 6, 0/53 HPs)
             Began as a Minotaur Fighter on Dec 9, 2021.
             Slain by an orc (4 damage)
             ... on level 4 of the Dungeon.
             The game lasted 00:08:28 (2862 turns).

alasdair19 the Covered (Minotaur Fighter)           Turns: 2862, Time: 00:08:31

Health: 0/53       AC: 11    Str: 22    XL:     6   Next: 17%
Magic:  5/5        EV:  6    Int:  6    God:
Gold:   101        SH:  9    Dex:  9    Spells: 5/5 levels left

rFire    . . .     SeeInvis .   a - +0 long sword
rCold    + . .     Faith    .   c - +0 kite shield
rNeg     . . .     Spirit   .   d - +0 chain mail
rPois    .         Reflect  .   (helmet restricted)
rElec    .         Harm     .   l - +0 cloak
rCorr    .         Rampage  .   (no gloves)
Will     +....                  (no boots)
Stlth    ..........             (no amulet)
HPRegen  0.17/turn              i - ring of protection from cold
MPRegen  0.09/turn              e - ring of willpower

@: no status effects
A: horns 2, retaliatory headbutt
a: no special abilities


You were on level 4 of the Dungeon.
You visited 1 branch of the dungeon, and saw 4 of its levels.

You collected 101 gold pieces.

Inventory:

Hand Weapons
 a - a +0 long sword (weapon)
Missiles
 h - 8 poisoned darts
 j - 5 atropa-tipped darts
 k - 7 javelins (quivered)
Armour
 c - a +0 kite shield (worn)
 d - a +0 chain mail (worn)
 l - a +0 cloak (worn)
Jewellery
 e - a ring of willpower (right hand)
 i - a ring of protection from cold (left hand)
Scrolls
 o - a scroll of noise {unknown}
Potions
 b - 2 potions of curing
 f - a potion of heal wounds
 g - 2 potions of lignification {unknown}
 m - a potion of attraction {unknown}


   Skills:
 + Level 4.5 Fighting
 + Level 4.4 Long Blades
 * Level 2.4 Throwing
 + Level 5.1 Armour
 + Level 4.9 Shields


You had 5 spell levels left.
You didn't know any spells.
Your spell library was empty.

Dungeon Overview and Level Annotations

Branches:
Dungeon (4/15)
 Temple: D:4-7

Altars:
Hepliaklqana

Annotations:
D:2 1 runed translucent door, Crazy Yiuf


Innate Abilities, Weirdness & Mutations

You have a pair of horns on your head.
You reflexively headbutt those who attack you in melee.


Message History

You climb downwards.
There is a stone staircase leading up here.
An orc comes into view. It is wielding a +0 club.
Found a stone staircase leading up.
The orc shouts!
An orc comes into view. It is wielding a +0 war axe.
An orc comes into view. It is wielding a +0 short sword.
The orc shouts!
An orc priest comes into view. It is wielding a +0 morningstar.
The orc priest shouts!
You slash the orc!
You kill the orc!
The orc priest calls down the wrath of Beogh upon you.
Beogh smites you!
Things that are here:
a +0 club; a +0 leather armour You block the orc's attack.
You hit the orc. You headbutt the orc.
The orc is severely wounded.
The orc priest looks satisfied for a moment.
You block the orc's attack. x2
You hit the orc.
You kill the orc!
You block the orc's attack. The orc hits you with a +0 war axe.
The orc priest looks braver for a moment.
The orc hits you with a +0 war axe.
You see here a +0 short sword.
The orc priest calls down the wrath of Beogh upon you.
Pain shoots through your body!
You slash the orc priest! Your headbutt misses the orc priest.
The orc priest is heavily wounded.
The orc priest hits you but does no damage.
The orc hits you with a +0 war axe.
You hit the orc priest but do no damage.
The orc priest is heavily wounded.
The orc priest invokes the aid of Beogh against you.
Beogh smites you!
* * * LOW HITPOINT WARNING * * *
The orc hits you with a +0 war axe.
You die...

.. #....# ..# ...
##....#...#.. ...#
#.....#...... ....#
##...........
....###..........##
#...............###
##........#........
#...<.....#........
#.......).o@o......
#....#.........<......
.... #................
###.............######
#.............#
#........##...#
#......#####..#
......# ##..


You could see an orc priest and an orc.

Vanquished Creatures
  An orc priest (D:3)
  Terence (D:2)
  Natasha (thrice) (D:3)
  An orc wizard (D:3)
  Robin (D:2)
  An adder (D:1)
  4 gnolls
  2 worms (D:2)
  A dart slug (D:3)
  3 orcs
  10 ball pythons
  7 endoplasms
  5 giant cockroaches
  18 goblins
  11 hobgoblins
  7 kobolds
  6 bats
  2 frilled lizards
  7 rats
91 creatures vanquished.

Notes
Turn   | Place    | Note
-------+----------+-------------------------------------------
     0 | D:1      | alasdair19 the Minotaur Fighter began the quest for the
                  | Orb.
     0 | D:1      | Reached XP level 1. HP: 19/19 MP: 0/0
   149 | D:1      | Reached XP level 2. HP: 23/27 MP: 1/1
   287 | D:1      | Reached skill level 4 in Armour
   334 | D:1      | Found a faded altar of an unknown god.
   713 | D:1      | Reached XP level 3. HP: 31/33 MP: 2/2
   992 | D:2      | Noticed Robin
  1032 | D:1      | Reached skill level 1 in Throwing
  1191 | D:2      | Reached XP level 4. HP: 38/40 MP: 3/3
  1192 | D:2      | Killed Robin
  1304 | D:2      | Noticed Terence
  1314 | D:2      | Killed Terence
  1544 | D:2      | Found a runed translucent door.
  1545 | D:2      | Noticed Crazy Yiuf
  2139 | D:3      | Reached XP level 5. HP: 45/46 MP: 4/4
  2263 | D:3      | Noticed Natasha
  2269 | D:3      | Killed Natasha
  2270 | D:3      | Reached skill level 5 in Armour
  2626 | D:3      | Found a hazy altar of Hepliaklqana.
  2711 | D:3      | Noticed Natasha
  2717 | D:3      | Killed Natasha
  2718 | D:3      | Reached XP level 6. HP: 44/53 MP: 5/5
  2785 | D:3      | Noticed Natasha
  2800 | D:3      | Killed Natasha
  2862 | D:4      | Slain by an orc

Illustrated notes

Levels and vault maps discovered:
D:1:      elethiomel_arrival_fortress_basement, layout_basic,
          hellmonk_ecumenical_altar_inner_sanctum
D:2:      layout_rooms, uniq_robin, uniq_crazy_yiuf_cottage, uniq_terence
D:3:      layout_rooms, nicolae_hepliaklqana_hippocampus, uniq_natasha
D:4:      layout_layer_cave, mainiacjoe_overflow_brackets,
          kennysheep_decorative_pillar, minmay_between, uniq_ijyb

Skill      XL: |  1  2  3  4  5 |
---------------+----------------+-----
Armour         | 4 5 |  5.1
Shields        | 4 |  4.9
Fighting       | 4 |  4.5
Throwing       | 1 2 |  2.4
Long Blades    | 3 4 |  4.4

Action                   |  1- 3 |  4- 6 || total
-------------------------+-------+-------++-------
Melee: Long sword        |    79 |   101 ||   180
       Headbutt          |    12 |    22 ||    34
Throw: Dart              |     2 |    14 ||    16
  Use: Scroll            |       |     3 ||     3
       Potion            |       |     2 ||     2
Armor: Scale mail        |    41 |       ||    41
       Chain mail        |       |    56 ||    56
Dodge: Dodged            |    29 |    34 ||    63
Block: Kite shield       |    38 |    73 ||   111
       Rpst.: Long sword |     7 |    10 ||    17
